 Dungeon Crawl Stone Soup version 0.18.1-47-g9310371 (webtiles) character file.

142 MistressOfTheDunes the Insei (level 5, -3/41 HPs)
             Began as a Mummy Monk on June 22, 2016.
             Slain by an adder (4 damage)
             ... on level 3 of the Dungeon.
             The game lasted 00:02:56 (4034 turns).

MistressOfTheDunes the Insei (Mummy Monk)           Turns: 4034, Time: 00:02:57

Health: -3/41      AC:  0    Str: 15    XL:     5   Next: 4%
Magic:  5/5        EV: 13    Int:  9    God:
Gold:   139        SH:  0    Dex: 15    Spells: 0 memorised, 4 levels left

rFire  x . .     SeeInvis .       - Unarmed
rCold  + . .     Gourm    .     (no armour)
rNeg   + + +     Faith    .     (no shield)
rPois  ∞         Spirit   .     (no helmet)
rElec  .         Dismiss  .     (no cloak)
rCorr  .         Reflect  .     (no gloves)
SustAt .         Harm     .     (no boots)
MR     .....                    (no amulet)
Stlth  +.........               (no ring)
                                c - ring of loudness (curse)

@: not resistant to hostile enchantments, very unstealthy
A: no food or potions, fire vulnerability, cold resistance 1, negative energy
resistance 3, torment resistance, unbreathing
a: no special abilities


You were on level 3 of the Dungeon.
You were not hungry.

You visited 1 branch of the dungeon, and saw 3 of its levels.

You collected 139 gold pieces.


Innate Abilities, Weirdness & Mutations

You do not eat or drink.
Your flesh is vulnerable to fire.
You are immune to poison.
Your flesh is cold resistant.
You are immune to negative energy.
You are immune to unholy pain and torment.
You can survive without breathing.


   Skills:
 + Level 3.5 Fighting
 - Level 2.4 Dodging
 - Level 1.5 Stealth
 - Level 5.0 Unarmed Combat


You had 4 spell levels left.
You didn't know any spells.

Inventory:

Missiles
 d - 14 poisoned needles
Jewellery
 c - a cursed ring of loudness (left hand)
Scrolls
 a - 2 scrolls of enchant armour {unknown}
 b - 2 scrolls of identify {unknown}
 e - a scroll of amnesia {unknown}
 f - a scroll of enchant weapon {unknown}
 g - 2 scrolls of teleportation {unknown}

Dungeon Overview and Level Annotations

Branches:
Dungeon (3/15)

Altars:
Makhleb
Nemelex Xobeh
Ru
Xom

............▒
..▒▒...▒.▒▒.▒▒.▒▒▒▒▒▒▒
▒▒▒▒...▒.▒.....▒.....
............▒.......▒
.▒▒▒...▒▒▒.......▒..▒
.▒▒▒................▒
....................▒
.▒▒▒▒▒▒.▒▒▒▒▒..▒S...▒
..!.....▒ ▒...M...▒
▒▒▒▒▒▒▒▒▒ ▒.▒.....▒ ▒
▒▒▒▒▒▒.......▒ .
...>.......▒.▒ ▒
▒▒▒▒▒▒▒▒..▒▒.▒ ▒
▒▒▒▒▒▒▒▒▒▒▒..▒▒▒▒▒.▒ .
.........†.†.......▒
▒▒▒▒▒▒▒▒▒▒▒▒.▒▒▒▒▒▒
▒........▒


You could see an adder.


Message History

The adder is severely wounded!
The adder bites you! * * * don't die
* * * You barely miss the adder!
The adder is severely wounded!
The adder barely misses you!
You miss the adder!
The adder is severely wounded!
The adder bites you! * * * don't die
* * * You squash the adder but do no damage!
The adder is severely wounded!
The adder closely misses you!
You closely miss the adder!
The adder is severely wounded!
The adder bites you! * * * don't die
* * * The adder bites you! * * * don't die
* * * You miss the adder!
The adder is severely wounded!
The adder completely misses you!
You barely miss the adder!
The adder is severely wounded!
The adder bites you! * * * don't die
* * * You completely miss the adder!
The adder is severely wounded!
The adder bites you! rip

Action                   |  1- 3 |  4- 6 || total
-------------------------+-------+-------++-------
Melee: Unarmed           |   174 |   161 ||   335
       Punch             |     5 |     1 ||     6
 Stab: Sleeping          |     2 |       ||     2
Dodge: Dodged            |    96 |    92 ||   188

Vault maps used:
D:1:      erik_arrival_blinker_ship, minmay_liquid_box, minmay_misc_feat_alley
D:2:      gammafunk_temple_overflow_statue, amethyst_overflow_temple_binary,
          minmay_rats_cheesy_pizza

Notes
Turn   | Place    | Note
--------------------------------------------------------------
     0 | D:1      | MistressOfTheDunes the Mummy Monk began the quest for the Orb.
     0 | D:1      | Reached XP level 1. HP: 18/18 MP: 1/1
   303 | D:1      | Reached XP level 2. HP: 24/24 MP: 2/2
   679 | D:1      | Reached skill level 4 in Unarmed Combat
  1062 | D:2      | Reached XP level 3. HP: 23/29 MP: 3/3
  1181 | D:2      | HP: 2/29 [kobold/whip (4)]
  2125 | D:2      | Reached XP level 4. HP: 35/35 MP: 4/4
  2545 | D:2      | Found a shimmering altar of Xom.
  2545 | D:2      | Found a burning altar of Makhleb.
  2649 | D:2      | Found a sparkling altar of Nemelex Xobeh.
  2659 | D:2      | Found a sacrificial altar of Ru.
  3119 | D:3      | Reached skill level 5 in Unarmed Combat
  3998 | D:3      | Reached XP level 5. HP: 26/41 MP: 5/5
  4031 | D:3      | HP: 4/41 [adder (2)]
  4033 | D:3      | HP: 1/41 [adder (3)]
  4034 | D:3      | Slain by an adder

Vanquished Creatures
  A gnoll (D:2)
  4 adders
  An ooze (D:2)
  A worm (D:3)
  3 giant geckos
  2 giant cockroaches (D:3)
  12 goblins
  7 hobgoblins
  5 jackals (D:3)
  2 quokkas (D:2)
  9 bats
  A giant newt (D:2)
  5 kobolds
  38 rats (D:2)
91 creatures vanquished.
